 Dungeon Crawl Stone Soup version 0.17-a0-1882-g750edc8 (webtiles) character file.

56 4thArraOfDagon the Stinger (level 3, -2/32 HPs)
             Began as a Naga Venom Mage on Sept 22, 2015.
             Killed by divine providence
             ... invoked by an orc priest
              (14 damage)
             ... on level 4 of the Dungeon.
             The game lasted 00:06:33 (977 turns).

4thArraOfDagon the Stinger (Naga Venom Mage)         Turns: 977, Time: 00:06:34

Health: -2/32      AC:  3    Str: 10    XL:     3   Next: 97%
Magic:  0/6        EV: 15    Int: 16    God:
Gold:   70         SH:  0    Dex: 16    Spells: 2 memorised, 2 levels left

rFire  . . .     SeeInvis +     q - +0 morningstar
rCold  . . .     Clarity  .     a - +0 robe
rNeg   . . .     SustAt   .     (no shield)
rPois  +         Gourm    .     p - +0 helmet
rElec  .         Spirit   .     (no cloak)
rCorr  .         Warding  .     (no gloves)
rMut   .         Stasis   .     (no barding)
MR     .....                    (no amulet)
Stlth  ++++......               (no ring)
                                (no ring)

@: agile, very slightly contaminated, very slow, not resistant to hostile
enchantments, stealthy
A: see invisible, deformed body, poison resistance, slowness 2, slow metabolism
1, spit poison 2, AC +1
a: Spit Poison


You were on level 4 of the Dungeon.
You were hungry.

You visited 1 branch of the dungeon, and saw 5 of its levels.

You collected 70 gold pieces.

Inventory:

Hand weapons
 q - a +0 morningstar (weapon)
Armour
 a - a +0 robe (worn)
 p - a +0 helmet (worn)
Jewellery
 m - an uncursed ring of teleportation
Magical devices
 k - a wand of magic darts (12)
Scrolls
 e - a scroll of noise
Potions
 d - a potion of curing
 g - a potion of magic {unknown}
 i - a potion of haste {unknown}
 j - a potion of berserk rage {unknown}
 n - a potion of heal wounds {unknown}
Books
 b - a Young Poisoner's Handbook

   Spells                             Type                      Level
   a - Sting                          Conjuration/Poison           1
   b - Cure Poison                    Poison                       2
   c - Mephitic Cloud                 Conjuration/Poison/Air       3
   d - Olgreb's Toxic Radiance        Poison                       4
   e - Venom Bolt                     Conjuration/Poison           5
Comestibles
 c - 2 bread rations
 l - 2 meat rations


   Skills:
 + Level 1.8 Fighting
 + Level 2.1 Dodging
 - Level 3.0 Stealth
 * Level 2.0 Unarmed Combat
 - Level 2.0 Spellcasting
 - Level 5.3 Poison Magic


You had 2 spell levels left.
You knew the following spells:

 Your Spells              Type           Power        Failure   Level  Hunger
a - Sting                 Conj/Pois      ##..         10%         1    #......
b - Mephitic Cloud        Conj/Pois/Air  #.......     34%         3    ###....


Dungeon Overview and Level Annotations

Branches:
Dungeon (5/15)
 Temple: D:4-7

Altars:
Ashenzari
Cheibriados
Nemelex Xobeh
Xom
Zin

Annotations:
D:3 4thArraOfDagon's ghost, weakling NaVM


Innate Abilities, Weirdness & Mutations

You cannot wear boots.
Your serpentine skin is tough (AC +1).
You have supernaturally acute eyesight.
Armour fits poorly on your strangely shaped body.
Your system is resistant to poisons.
You cover ground very slowly.
You have a slow metabolism.
You can spit poison.


Message History

You closely miss the orc priest.
The orc priest calls down the wrath of Beogh upon you.
Pain shoots through your body! The orc priest barely misses you.
You closely miss the orc priest. The orc priest barely misses you.
Casting: Mephitic Cloud
Confirm with . or Enter, or press ? or * to list all spells.
Aiming: Mephitic Cloud
Press: ? - help, Shift-Dir - straight line, f/p - orc priest
Aim: an orc priest, wielding a flail and wearing a scale mail You miscast Mephitic Cloud.
You feel sick. The orc priest barely misses you.
Drink which item? (? for menu, Esc to quit)
It was a potion of curing.
You feel better. The orc priest hits you with a flail!
Unknown command.
Drink which item? (? for menu, Esc to quit)
It was a potion of agility.
You feel agile all of a sudden.
The orc priest calls down the wrath of Beogh upon you.
Something smites you!
You die...

....
#.....>(#
#....
##...).##
#....
##...##
#.....
##...# #.
###a# #.#
#.#
#########.#
#..@o.....#
#.#########
#. #. .. ##


You could see an orc priest.

Vanquished Creatures
  A hound (D:4)
  2 giant geckos (D:3)
  A ball python (D:1)
  3 giant cockroaches
  4 goblins
  3 hobgoblins
  4 jackals (D:2)
  2 kobolds
  4 bats
24 creatures vanquished.

Vanquished Creatures (others)
  An orc (D:3)
1 creature vanquished.

Grand Total: 25 creatures vanquished

Notes
Turn   | Place    | Note
--------------------------------------------------------------
     0 | D:1      | 4thArraOfDagon the Naga Venom Mage began the quest for the Orb.
     0 | D:1      | Reached XP level 1. HP: 15/15 MP: 3/3
   134 | D:2      | Reached XP level 2. HP: 22/24 MP: 5/5
   177 | D:2      | Reached skill level 1 in Fighting
   310 | D:3      | Noticed an angel
   311 | D:3      | Found a shimmering altar of Xom.
   311 | D:3      | Found a glowing silver altar of Zin.
   334 | D:3      | Found a shimmering altar of Xom.
   368 | D:3      | Reached skill level 1 in Unarmed Combat
   387 | D:3      | Found a sparkling altar of Nemelex Xobeh.
   443 | D:4      | Found a snail-covered altar of Cheibriados.
   538 | D:5      | Entered Level 5 of the Dungeon
   612 | D:3      | Found a shattered altar of Ashenzari.
   770 | D:2      | Reached XP level 3. HP: 14/31 MP: 1/6
   812 | D:2      | Learned a level 3 spell: Mephitic Cloud
   886 | D:3      | Noticed 4thArraOfDagon's ghost (weakling NaVM)
   977 | D:4      | Killed from afar by an orc priest

Vault maps used:
D:1:      dpeg_arrival_chambers_temple_mockup
D:2:      yredelemnul_altar_generic
D:3:      grunt_temple_overflow_order_and_chaos_1, lemuel_doored_altar,
          lemuel_round_altar, led_xom_imps
D:4:      cheibriados_altar_wand_db, first_bread
D:5:      fedhas_altar_2, basic_altar, st_stairs_11

Action                   || total
-------------------------++-------
Melee: Trident           ||    20
       Morningstar       ||     3
 Cast: Sting             ||    22
       Mephitic Cloud    ||     2
 Abil: Spit Poison       ||    16
  Use: Scroll            ||     3
       Potion            ||     2
  Eat: Chunk             ||     1
